 Dungeon Crawl Stone Soup version 0.24-a0-108-g011bc4b (webtiles) character file.

578905 Yakui the Acrobat (level 27, -19/186 HPs)
             Began as a Merfolk Fighter on Jan 27, 2019.
             Was the Champion of Makhleb.
             Killed from afar by an electric golem (48 damage)
             ... with a bolt of lightning
             ... on level 5 of the Realm of Zot on Feb 14, 2019.
             The game lasted 05:47:59 (58466 turns).

Yakui the Acrobat (Merfolk Fighter)                Turns: 58466, Time: 05:48:00

Health: -19/186    AC:  0    Str: 23    XL:     27
Magic:  0/37       EV: 31    Int:  4    God:    Makhleb [******]
Gold:   2293       SH:  0    Dex: 13    Spells: 26/26 levels left

rFire    . . .     SeeInvis .   (weapon currently unavailable)
rCold    . . .     Gourm    .   (shield currently unavailable)
rNeg     . . .     Faith    .   (armour currently unavailable)
rPois    .         Spirit   +   (helmet currently unavailable)
rElec    .         Reflect  .   (cloak currently unavailable)
rCorr    .         Harm     .   (gloves currently unavailable)
MR       ++...     Rnd*Rage +   (boots currently unavailable)
Stlth    +++.......             W - amulet of guardian spirit
HPRegen  0.41/turn              (ring currently unavailable)
MPRegen  0.25/turn              (ring currently unavailable)

@: pig-form, berserk cooldown, slowed, lightly drained
A: small, (change form in water), (swift swim), (stealthy swim), berserk 3,
clumsy 2, deterioration 1, dopey 2, frail 2, sense surroundings 1, weak 1
}: 3/15 runes: decaying, serpentine, silver
a: Minor Destruction, Lesser Servant of Makhleb, Major Destruction, Greater
Servant of Makhleb, Renounce Religion


You were on level 5 of the Realm of Zot.
You worshipped Makhleb.
Makhleb was exalted by your worship.
You were not hungry.
You were a filthy swine.
You visited 8 branches of the dungeon, and saw 46 of its levels.

You collected 6512 gold pieces.
You spent 4219 gold pieces at shops.

Inventory:

Hand Weapons
 c - a +1 vampiric glaive
 e - a +7 demon trident of piercing (melded)
Armour
 o - a +2 hat of magic resistance (melded)
 p - a +2 pair of gloves (melded)
 q - a +2 pair of boots (melded)
 t - a +1 cloak of invisibility (melded)
 x - a scarf of repulsion
 B - the +4 gold dragon scales "Adghamac" (melded) {rPois rF+ rC+ Dex+3 Stlth+}
   (You bought it in a shop on level 2 of the Orcish Mines)

   It affects your dexterity (+3).
   It protects you from fire.
   It protects you from cold.
   It protects you from poison.
   It makes you more stealthy.
 U - a +6 large shield of protection (melded)
Jewellery
 m - the ring "Onnoupte" (melded) {+Blink rElec MP+9 Str+4}
   (You found it on level 6 of the Lair of Beasts)

   [ring of magical power]

   It affects your strength (+4).
   It insulates you from electricity.
   It affects your magic capacity (+9).
   It lets you blink.
 n - an uncursed ring of see invisible
 s - the ring "Miod" (melded) {rCorr rF++ Dex+7 Stlth-}
   (You bought it in a shop on level 2 of the Vaults)

   [ring of resist corrosion]

   It affects your dexterity (+7).
   It greatly protects you from fire.
   It makes you less stealthy.
 P - a +3 ring of slaying
 W - an amulet of guardian spirit (around neck)
 Y - a +5 ring of protection
Wands
 r - a wand of disintegration (32)
 C - a wand of digging (9)
 F - a wand of enslavement (15)
 K - a wand of paralysis (22)
Scrolls
 g - a scroll of vulnerability
 j - a scroll of holy word
 u - 6 scrolls of teleportation
 y - 4 scrolls of fog
 A - 6 scrolls of identify
 D - 4 scrolls of fear
 I - 12 scrolls of remove curse
 J - 6 scrolls of blinking
 M - 2 scrolls of summoning
 S - a scroll of amnesia
 T - a scroll of brand weapon
 V - a scroll of immolation
 Z - a scroll of silence
Potions
 a - 2 potions of magic
 b - 6 potions of cancellation
 d - 5 potions of might
 h - 12 potions of curing
 i - 9 potions of brilliance
 k - 6 potions of mutation
 v - a potion of heal wounds
 w - 4 potions of lignification
 E - 4 potions of haste
 N - a potion of agility
 O - 4 potions of berserk rage
 Q - 4 potions of flight
Comestibles
 f - 75 rations


   Skills:
 + Level 22.5(22.1) Fighting
 - Level 17.2(16.9) Polearms
 + Level 14.8(14.5) Armour
 + Level 23.1(22.7) Dodging
 - Level 6.4(6.2) Stealth
 + Level 18.1(17.8) Shields
 + Level 21.4(21.0) Invocations
 + Level 13.3(13.0) Evocations


You had 26 spell levels left.
You didn't know any spells.
Your spell library contained the following spells:

 Spells                   Type           Power        Failure   Level  Hunger
 Animate Skeleton         Necr           N/A          50%         1    ##.....
 Apportation              Tloc           #.....       50%         1    ##.....
 Beastly Appendage        Tmut           #.....       50%         1    ##.....
 Confusing Touch          Hex            #.....       50%         1    ##.....
 Corona                   Hex            #......      50%         1    ##.....
 Flame Tongue             Conj/Fire      #....        50%         1    ##.....
 Freeze                   Ice            #...         50%         1    ##.....
 Infusion                 Chrm           #...         50%         1    ##.....
 Magic Dart               Conj           #...         50%         1    ##.....
 Pain                     Necr           #...         50%         1    ##.....
 Sandblast                Erth           #.....       50%         1    ##.....
 Shock                    Conj/Air       #...         50%         1    ##.....
 Summon Butterflies       Summ           #.......     50%         1    ##.....
 Summon Small Mammal      Summ           #...         50%         1    ##.....
 Blink                    Tloc           N/A          65%         2    ###....
 Call Imp                 Summ           #.......     65%         2    ###....
 Corpse Rot               Necr           N/A          65%         2    ###....
 Ensorcelled Hibernation  Hex/Ice        #.....       65%         2    ###....
 Passwall                 Tmut/Erth      #.......     65%         2    ###....
 Shroud of Golubria       Chrm/Tloc      #.........   65%         2    ###....
 Slow                     Hex            #.......     65%         2    ###....
 Song of Slaying          Chrm           #.......     65%         2    ###....
 Sticks to Snakes         Tmut           #.......     65%         2    ###....
 Sublimation of Blood     Necr           #.........   65%         2    ###....
 Swiftness                Chrm/Air       #.......     65%         2    ###....
 Throw Flame              Conj/Fire      #.....       65%         2    ###....
 Throw Frost              Conj/Ice       #.....       65%         2    ###....
 Call Canine Familiar     Summ           #.......     86%         3    ####...
 Confuse                  Hex            #.......     86%         3    ####...
 Conjure Flame            Conj/Fire      #.......     86%         3    ####...
 Dazzling Spray           Conj/Hex       #.....       86%         3    ####...
 Gell's Gravitas          Tloc           #.........   86%         3    ####...
 Inner Flame              Hex/Fire       #.......     86%         3    ####...
 Lesser Beckoning         Tloc           #.........   86%         3    ####...
 Mephitic Cloud           Conj/Pois/Air  #.......     86%         3    ####...
 Ozocubu's Armour         Chrm/Ice       #.......     86%         3    ####...
 Portal Projectile        Hex/Tloc       #.....       86%         3    ####...
 Recall                   Summ/Tloc      N/A          86%         3    ####...
 Regeneration             Chrm/Necr      #.........   86%         3    ####...
 Spectral Weapon          Hex/Chrm       #.......     86%         3    ####...
 Spider Form              Tmut/Pois      #.........   86%         3    ####...
 Static Discharge         Conj/Air       #.......     86%         3    ####...
 Stone Arrow              Conj/Erth      #.....       86%         3    ####...
 Tukima's Dance           Hex            #.......     86%         3    ####...
 Vampiric Draining        Necr           #.........   86%         3    ####...
 Airstrike                Air            #.........   99%         4    #####..
 Animate Dead             Necr           N/A          99%         4    #####..
 Cause Fear               Hex            #.........   99%         4    #####..
 Force Lance              Conj/Tloc      #.......     99%         4    #####..
 Ice Form                 Ice/Tmut       #.......     99%         4    #####..
 Leda's Liquefaction      Hex/Erth       #.........   99%         4    #####..
 Petrify                  Tmut/Erth      #.......     99%         4    #####..
 Sticky Flame             Conj/Fire      #.......     99%         4    #####..
 Summon Ice Beast         Ice/Summ       #.......     99%         4    #####..
 Summon Lightning Spire   Summ/Air       #.......     99%         4    #####..
 Throw Icicle             Conj/Ice       #.......     99%         4    #####..
 Agony                    Necr           #.......     100%        5    ######.
 Alistair's Intoxication  Tmut/Pois      #.......     100%        5    ######.
 Aura of Abjuration       Summ           #.........   100%        5    ######.
 Blade Hands              Tmut           #.........   100%        5    ######.
 Bolt of Draining         Conj/Necr      #.........   100%        5    ######.
 Dispel Undead            Necr           #.......     100%        5    ######.
 Excruciating Wounds      Chrm/Necr      #.........   100%        5    ######.
 Fireball                 Conj/Fire      #.........   100%        5    ######.
 Lee's Rapid Deconstruct  Erth           #.........   100%        5    ######.
 Lightning Bolt           Conj/Air       #.........   100%        5    ######.
 Metabolic Englaciation   Hex/Ice        #.........   100%        5    ######.
 Silence                  Hex/Air        #.........   100%        5    ######.
 Summon Demon             Summ           #.........   100%        5    ######.
 Summon Forest            Summ/Tloc      #.........   100%        5    ######.
 Summon Mana Viper        Hex/Summ       #.......     100%        5    ######.
 Yara's Violent Unravell  Hex/Tmut       #.........   100%        5    ######.
 Conjure Ball Lightning   Conj/Air       #.........   100%        6    #######
 Deflect Missiles         Chrm/Air       #.........   100%        6    #######
 Dispersal                Tloc           #.........   100%        6    #######
 Invisibility             Hex            #.......     100%        6    #######
 Poison Arrow             Conj/Pois      #.........   100%        6    #######
 Shadow Creatures         Summ           N/A          100%        6    #######
 Summon Hydra             Summ           #.........   100%        7    #######
 Chain Lightning          Conj/Air       #.........   100%        8    #######
 Controlled Blink         Tloc           N/A          100%        8    #######
 Disjunction              Tloc           #.........   100%        8    #######
 Ignition                 Fire           #.........   100%        8    #######
 Lehudib's Crystal Spear  Conj/Erth      #.........   100%        8    #######
 Fire Storm               Conj/Fire      #.........   100%        9    #######
 Glaciate                 Conj/Ice       #.........   100%        9    #######
 Shatter                  Erth           #.........   100%        9    #######
 Tornado                  Air            #.........   100%        9    #######


Dungeon Overview and Level Annotations

Branches:
Dungeon (15/15)            Temple (0/1) D:7            Lair (6/6) D:8
  Swamp (4/4) Lair:3        Snake (4/4) Lair:3        Slime (0/5) Lair:6
    Orc (2/2) D:10            Elf (0/3) Orc:2        Vaults (5/5) D:13
  Crypt (0/3) Vaults:2     Depths (5/5) D:15            Zot (5/5) Depths:5

Altars:
Cheibriados
Dithmenos
Elyvilon
Gozag
Kikubaaqudgha
Makhleb
Nemelex Xobeh
Okawaru
Qazlal
Ru
Trog
Uskayaw
Vehumet
Zin
The Shining One
Beogh
Jiyva

Shops:
D:4 =   Orc:2 %[((   Snake:3 [   Vaults:1 %   Vaults:2 =

Portals:
Hell: Depths:1 Depths:2 Depths:3 Depths:4 Depths:5
Abyss: Depths:1 Depths:2 Depths:4
Pandemonium: Depths:2 Depths:3
Ziggurat: Depths:1
Trove: D:12 (give +3 storm dragon scales)

Annotations:
D:5 3 runed translucent doors, XomSucks's ghost, amateur DgCj
D:6 3 runed translucent doors, kirsanium's ghost, novice OpFE
D:10 2 runed translucent doors, Stiffzip's ghost, journeyman MiBe
D:15 exclusion: obsidian statue
Lair:3 exclusion: oklob plant
Snake:1 Roxanne
Vaults:5 Jory
Depths:3 1 runed translucent door, exclusion: door, Nesh's ghost, veteran DDFi
Zot:1 exclusion: 3 lightning spires


Innate Abilities, Weirdness & Mutations

((You revert to your normal form in water))
((You are very nimble and swift while swimming.))
((You are very stealthy in the water. (Stealth+)))
You have an uncontrollable temper.
You are very clumsy. (Dex -4)
Your body sometimes deteriorates upon taking damage.
You are very dopey. (Int -4)
You are very frail. (-20% HP)
You passively map a small area around you.
You are weak. (Str -2)


Message History

The electric golem misses you. The electric golem hits you!
* * * LOW HITPOINT WARNING * * *
The electric golem misses you.
Okay, then.
Your blink will be uncontrolled - continue anyway?
The Orb prevents control of your translocation!
You blink.
As you read the scroll of blinking, it crumbles to dust.
The electric golem hurls lightning at you.
The bolt of lightning misses you.
Okay, then.
Press: ? - help, v - describe, . - travel
Here: an electric golem The floor.
You feel much better.
The electric golem hurls lightning at you.
The bolt of lightning misses you.
The electric golem hurls lightning at you.
The bolt of lightning hits you!!!
You die...

...## #............,,,,,,,,*
...# #^......^........,,,,*
...## #.......^........,,,,*
....# #...........^....,,,,*
....## #...^....^.......,,,,*
.....###................,,,,*
###...###...............,,,**
##....##..............,,**
###..^..§8...h......^,**
#▓▓▓▓▓▓▓▓▓▓▓##....^**
****,,,,,,,,,,,^..,**
***,,,,,,,,,,,,,,,,.,,**
**,,,,,,,,,,,,,,,,,,,,,,** **
*,,,,,,,,,,,,,,,,,,,,,,,,*
,***,,,,,,,,,,,,,,,,,,,,,,,,*
,,**,,,,,,,,,,,,,,,,,,,,,,,**
,,,*,,,,,,,,,,,,,,,,,,,,,,**


You could see an electric golem.

Vanquished Creatures
  3 orbs of fire (Zot:5)
  4 ancient liches (Zot:5)
  4 Killer Klowns
  A curse toe (Zot:2)
  Nikola (Depths:2)
  6 golden dragons
  4 electric golems
  8 tentacled monstrosities
  4 liches
  22 Orb Guardians (Zot:5)
  A titan (Vaults:5)
  3 quicksilver dragons
  4 death cobs
  A thorn hunter (Swamp:3)
  6 sphinxes
  4 shadow dragons
  Kirke (D:12)
  2 tengu reavers
  10 storm dragons
  7 nagarajas
  5 fire giants
  5 frost giants
  5 draconian monks
  2 draconian knights (Zot:5)
  10 vault wardens
  10 draconian scorchers
  2 iron dragons
  3 ghost moths
  3 deep elf sorcerers
  7 draconian shifters
  12 very ugly things
  2 draconian stormcallers
  6 spriggan defenders
  An angel (D:15)
  2 draconian annihilators
  A war gargoyle (Vaults:5)
  20 stone giants
  9 ironheart preservers
  5 black draconians
  8 green draconians
  4 vampire knights
  Azrael (Snake:2)
  11 yellow draconians
  8 white draconians
  An entropy weaver (Vaults:4)
  5 spark wasps
  9 purple draconians
  2 deep elf annihilators
  10 red draconians
  15 ettins
  4 crystal guardians (Depths:2)
  A green death (Snake:3)
  A deep elf death mage (Vaults:1)
  An eidolon (Vaults:2)
  3 deep elf high priests (Vaults:5)
  7 fire dragons
  7 yaktaur captains
  6 naga warriors
  31 vault guards
  Harold (D:8)
  6 great orbs of eyes
  6 rakshasas
  12 spriggan air magi
  A shambling mangrove (Swamp:3)
  12 ice dragons
  15 centaur warriors
  12 hydras
  A ghost crab (Swamp:3)
  10 ogre magi
  A dancing weapon (Zot:2)
  10 alligators
  10 anacondas
  35 two-headed ogres
  8 deep troll shamans
  12 death yaks
  2 death knights
  8 tengu warriors
  15 deep troll earth magi
  2 vampire magi
  2 orc high priests (Orc:2)
  7 naga sharpshooters
  5 shock serpents
  15 spriggan berserkers
  9 hell knights
  Nergalle (Lair:4)
  2 sun demons (Depths:3)
  A sixfirhy (Depths:3)
  3 iron trolls
  A titan skeleton (Vaults:4)
  A fire crab (shapeshifter) (D:15)
  4 skeletal warriors
  4 salamander mystics
  6 unseen horrors
  9 wizards
  2 swamp dragons
  9 sea snakes (Snake:2)
  9 naga ritualists
  6 flayed ghosts
  24 deep trolls
  5 glowing orange brains
  5 phantasmal warriors
  7 ironbrand convokers
  A shadow dragon zombie (Vaults:4)
  3 necromancers
  10 orc knights
  An orange crystal statue (Zot:5)
  4 deep elf archers
  A tengu skeleton (Vaults:4)
  5 mana vipers
  4 orc sorcerers
  9 deep elf magi
  19 ugly things
  A wolf spider (Vaults:1)
  8 salamanders
  7 moths of wrath
  9 elephants
  2 cyclopes
  A manticore (Lair:6)
  A rust devil (Depths:1)
  Maurice (D:8)
  2 salamanders (shapeshifter)
  A torpor snail (Lair:6)
  2 centaur zombies
  8 draconians
  38 black mambas
  8 vault sentinels
  4 spriggan zombies (D:15)
  2 guardian serpents (Snake:3)
  11 naga magi
  9 spiny frogs
  A spiny frog (shapeshifter) (Depths:1)
  2 gargoyles
  An efreet (D:14)
  8 freezing wraiths
  2 demonic crawlers (D:14)
  2 rime drakes (Lair:5)
  11 komodo dragons
  2 komodo dragons (shapeshifter)
  A rime drake (shapeshifter) (Depths:2)
  67 yaktaurs
  A hellwing (Depths:3)
  3 tengu conjurers
  A queen bee (shapeshifter) (D:14)
  A jumping spider (Vaults:4)
  11 polar bears
  A jumping spider (shapeshifter) (Vaults:1)
  4 trolls
  A wind drake (shapeshifter) (Depths:2)
  51 slime creatures
  A meliai (shapeshifter) (Vaults:4)
  A polar bear (shapeshifter) (Vaults:3)
  6 tyrant leeches
  13 hornets
  26 blink frogs
  4 raiju
  13 bog bodies
  7 hippogriffs
  A human simulacrum (Vaults:1)
  A redback (shapeshifter) (Vaults:5)
  A vampire (D:10)
  5 shadows
  6 wyverns
  A spriggan (shapeshifter) (Depths:2)
  A tarantella (shapeshifter) (Vaults:3)
  A hog (shapeshifter) (D:13)
  3 water elementals (Depths:4)
  25 yaks
  2 yaks (shapeshifter)
  8 spriggans
  3 fire elementals (Snake:2)
  2 wraiths
  4 hogs (D:12)
  A human (shapeshifter) (Vaults:5)
  12 vampire mosquitoes
  4 basilisks
  A neqoxec (D:14)
  2 hungry ghosts (D:7)
  2 swamp worm simulacra (Swamp:4)
  5 chaos spawn
  11 wargs
  2 soldier ants
  41 nagas
  A swamp worm (shapeshifter) (Depths:2)
  13 insubstantial wisps
  17 swamp worms
  3 acid dragons
  13 hydra simulacra (Swamp:4)
  14 hell hounds
  Duvessa (D:7)
  3 floating eyes
  9 water moccasins
  8 swamp drakes
  7 porcupines
  2 large abominations
  37 orc warriors
  3 sky beasts
  14 black bears
  2 ettin simulacra
  3 ice beasts
  5 necrophages
  5 phantoms
  A tengu (shapeshifter) (Depths:3)
  A black bear (shapeshifter) (D:15)
  31 wolves
  39 ogres
  18 centaurs
  4 boggarts
  An elf skeleton (Vaults:4)
  15 crocodiles
  4 big kobolds
  A bullfrog (shapeshifter) (Vaults:5)
  18 bullfrogs
  11 small abominations
  A gnoll sergeant (Orc:2)
  A wyvern skeleton (D:13)
  A wyvern zombie (D:8)
  9 scorpions
  Dowan (D:7)
  9 killer bees
  9 electric eels
  3 howler monkeys
  5 wights
  11 crimson imps
  6 hounds
  A quasit (Depths:3)
  6 bullfrog zombies
  10 jellies
  An iron imp (Depths:3)
  19 orc priests
  2 bullfrog skeletons
  3 centaur skeletons
  33 orc wizards
  5 iguanas
  16 worker ants
  2 hound skeletons
  2 hound zombies (D:5)
  A mummy (D:12)
  An adder (shapeshifter) (Vaults:2)
  20 adders
  11 gnolls
  5 shadow imps
  A white imp (Depths:3)
  7 oozes
  6 swamp drake simulacra (Swamp:4)
  An adder zombie (D:5)
  5 dart slugs
  A worm (D:5)
  4 leopard geckos
  121 orcs
  A ball python (D:4)
  4 bats
  4 giant cockroaches
  7 goblins
  5 hobgoblins
  7 jackals
  14 kobolds
  6 quokkas
  6 frilled lizards
  2 leopard gecko skeletons (D:4)
  A leopard gecko zombie (D:7)
  A quokka zombie (D:8)
  7 rats
  2 plants
1927 creatures vanquished.

Vanquished Creatures (collateral kills)
  2 caustic shrikes (Depths:5)
  Gastronok (Lair:2)
  2 sphinxes
  A tengu reaver (Depths:5)
  A very ugly thing (Depths:5)
  A vampire knight (Depths:5)
  A great orb of eyes (Depths:5)
  Erolcha (D:10)
  2 naga warriors (Snake:4)
  A hydra (D:14)
  A two-headed ogre (D:12)
  A spriggan air mage (Depths:5)
  An anaconda (Snake:4)
  2 deep troll shamans
  A deep troll earth mage (Depths:5)
  A spriggan berserker (D:15)
  A wizard (Depths:2)
  2 deep trolls (Depths:5)
  2 ugly things
  A wolf spider (Lair:1)
  A cyclops (D:12)
  2 elephants
  3 naga magi (Snake:3)
  Psyche (D:10)
  A spiny frog (Lair:1)
  A troll (D:10)
  A jumping spider (shapeshifter) (D:15)
  12 yaks
  3 basilisks
  5 nagas
  An acid dragon (D:15)
  A hell hound (Lair:6)
  A sky beast (D:8)
  A crocodile (Lair:6)
  A bullfrog (Lair:1)
  A wyvern zombie (D:10)
  A bullfrog zombie (D:12)
  An orc wizard (D:8)
  4 adders
  A shadow imp (D:10)
  A plant (Lair:6)
70 creatures vanquished.

Vanquished Creatures (others)
  A juggernaut (Depths:3)
  A caustic shrike (Depths:4)
  A golden dragon (Zot:4)
  A tentacled monstrosity (Depths:3)
  2 titans
  A quicksilver dragon (Zot:5)
  A sphinx (Vaults:4)
  A thorn hunter (Swamp:3)
  A shadow dragon (Depths:2)
  3 storm dragons
  2 fire giants (Depths:2)
  An azure jelly (Swamp:4)
  2 nagarajas
  2 tengu reavers
  2 iron dragons
  4 vault wardens
  An orc warlord (Orc:2)
  A draconian shifter (Zot:1)
  A deep elf elementalist (Vaults:5)
  A reaper (Depths:3)
  3 stone giants
  3 ironheart preservers
  3 very ugly things
  2 black draconians
  A vampire knight (Depths:5)
  A spark wasp (Depths:4)
  4 ettins
  2 fire dragons
  3 yaktaur captains
  A vault guard (Vaults:3)
  3 ice dragons
  2 hydras
  3 naga warriors
  An anaconda (Snake:3)
  2 ogre magi (Vaults:1)
  A vampire mage (Depths:2)
  An alligator (Swamp:2)
  2 centaur warriors
  6 two-headed ogres
  2 deep troll earth magi
  A tengu warrior (Depths:2)
  A deep troll shaman (Depths:1)
  An orc high priest (Orc:2)
  3 spriggan berserkers (Depths:2)
  2 naga sharpshooters
  4 hell knights
  A naga ritualist (Snake:1)
  5 deep trolls
  2 iron trolls
  A skeletal warrior (D:15)
  A swamp dragon (Swamp:2)
  A mana viper (Snake:1)
  2 orc knights
  2 necromancers
  An ugly thing (Depths:2)
  A salamander (shapeshifter) (Depths:2)
  A salamander (Depths:5)
  A manticore (D:15)
  A naga mage (Snake:3)
  A guardian serpent (Snake:2)
  2 vault sentinels
  2 black mambas
  A spiny frog (Swamp:1)
  A freezing wraith (Swamp:4)
  12 yaktaurs
  An ice devil (Depths:4)
  A tyrant leech (Swamp:4)
  A jumping spider (Vaults:4)
  6 slime creatures
  2 water elementals (Depths:4)
  2 humans (D:13)
  An acid dragon (Vaults:1)
  A small abomination (Depths:1)
  3 nagas
  A hydra simulacrum (Swamp:4)
  3 orc warriors
  An ice beast (shapeshifter) (Depths:2)
  An ogre (Depths:3)
  A sky beast (D:10)
  3 centaurs
  2 orc priests
  2 orcs (D:13)
  A briar patch (Swamp:3)
  17 fungi
  46 plants
  4 toadstools (D:1)
  14 withered plants
241 creatures vanquished.

Grand Total: 2238 creatures vanquished

Notes
Turn   | Place    | Note
-------+----------+-------------------------------------------
     0 | D:1      | Yakui the Merfolk Fighter began the quest for the Orb.
     0 | D:1      | Reached XP level 1. HP: 18/18 MP: 1/1
    35 | D:1      | Reached XP level 2. HP: 22/24 MP: 2/2
    57 | D:1      | Reached skill level 1 in Dodging
   269 | D:1      | Reached XP level 3. HP: 29/29 MP: 3/3
   772 | D:2      | Reached XP level 4. HP: 30/37 MP: 4/4
   853 | D:2      | Reached skill level 2 in Dodging
  1247 | D:3      | Found a burning altar of Makhleb.
  1251 | D:3      | Became a worshipper of Makhleb the Destroyer
  1337 | D:3      | Reached skill level 5 in Polearms
  1512 | D:3      | Found a bloodstained altar of Trog.
  1693 | D:3      | Found a white marble altar of Elyvilon.
  1960 | D:4      | Reached skill level 1 in Invocations
  1960 | D:4      | Reached XP level 5. HP: 35/42 MP: 5/5
  2327 | D:4      | Reached XP level 6. HP: 41/49 MP: 7/7
  2395 | D:4      | Reached * piety under Makhleb
  2509 | D:4      | Noticed a phantom
  2536 | D:4      | Killed a phantom
  2571 | D:4      | Found an ancient bone altar of Kikubaaqudgha.
  2904 | D:4      | Found Jemanumn's Jewellery Emporium.
  2961 | D:4      | Reached XP level 7. HP: 55/55 MP: 7/9
  2988 | D:4      | Found a radiant altar of Vehumet.
  3149 | D:5      | Entered Level 5 of the Dungeon
  3163 | D:5      | Reached skill level 5 in Fighting
  3778 | D:5      | Found a runed translucent gate.
  3779 | D:5      | Found a runed translucent gate.
  3779 | D:5      | Found a runed translucent gate.
  3782 | D:5      | Noticed XomSucks's ghost (amateur DgCj)
  3891 | D:5      | Found an iron altar of Okawaru.
  4122 | D:5      | Reached XP level 8. HP: 44/64 MP: 10/10
  4804 | D:6      | Reached skill level 10 in Polearms
  4935 | D:6      | Reached skill level 5 in Invocations
  5190 | D:6      | Reached ** piety under Makhleb
  5238 | D:6      | Reached XP level 9. HP: 71/71 MP: 11/13
  5255 | D:6      | Found a stormy altar of Qazlal.
  5355 | D:6      | Found a glowing golden altar of the Shining One.
  5418 | D:6      | Found a runed translucent gate.
  5418 | D:6      | Found a runed translucent gate.
  5418 | D:6      | Found a runed translucent gate.
  5418 | D:6      | Noticed kirsanium's ghost (novice OpFE)
  5578 | D:7      | Got an ichor-stained scale mail
  5579 | D:7      | Identified the +5 scale mail "Bokkeca" {Regen+ rCorr Int+6
                  | Dex+2} (You found it on level 7 of the Dungeon)
  5697 | D:7      | Found a sparkling altar of Nemelex Xobeh.
  5764 | D:7      | Found an opulent altar of Gozag.
  5845 | D:7      | Found a staircase to the Ecumenical Temple.
  5954 | D:7      | Noticed Dowan
  5976 | D:7      | Killed Dowan
  5976 | D:7      | Noticed Duvessa
  6032 | D:7      | Killed Duvessa
  6250 | D:8      | Reached XP level 10. HP: 80/80 MP: 15/15
  6297 | D:8      | Found a staircase to the Lair.
  6432 | D:8      | Reached *** piety under Makhleb
  6667 | D:8      | Noticed Harold
  6706 | D:8      | Killed Harold
  6919 | D:8      | Noticed Maurice
  6973 | D:8      | Killed Maurice
  6995 | D:8      | Found a shadowy altar of Dithmenos.
  7056 | D:8      | Found a snail-covered altar of Cheibriados.
  7167 | Lair:1   | Entered Level 1 of the Lair of Beasts
  7201 | Lair:1   | Reached skill level 3 in Dodging
  7342 | Lair:1   | You fall through a shaft!
  7344 | Lair:2   | Noticed Gastronok
  7388 | Lair:1   | Noticed a wolf spider
  7419 | Lair:1   | Killed a wolf spider
  7446 | Lair:1   | Noticed a black mamba
  7461 | Lair:1   | Killed a black mamba
  7499 | Lair:1   | Noticed a spiny frog
  7505 | Lair:1   | Killed a spiny frog
  7505 | Lair:1   | Reached skill level 4 in Dodging
  7517 | Lair:1   | Reached XP level 11. HP: 88/89 MP: 17/17
  8055 | Lair:1   | Reached skill level 5 in Dodging
  8304 | D:9      | You fall through a shaft for 3 floors!
  8312 | D:12     | Noticed a two-headed ogre
  8549 | D:12     | Reached skill level 10 in Fighting
  8658 | D:12     | Reached **** piety under Makhleb
  8658 | D:12     | Reached skill level 6 in Dodging
  8737 | D:12     | Found a portal to a secret trove of treasure.
  8903 | D:12     | Found a stormy altar of Qazlal.
  8985 | D:12     | Noticed a brown ugly thing
  9008 | D:12     | Killed a brown ugly thing
  9030 | D:12     | Killed a two-headed ogre
  9157 | D:12     | Reached skill level 7 in Dodging
  9214 | D:12     | Noticed a cyclops
  9228 | D:12     | Killed a cyclops
  9349 | D:12     | Noticed a six-headed hydra
  9420 | D:12     | You fall through a shaft!
  9471 | D:13     | Noticed a centaur warrior
  9483 | D:13     | Killed a centaur warrior
  9483 | D:13     | Reached skill level 10 in Invocations
  9492 | D:13     | Reached skill level 5 in Armour
  9511 | D:13     | Reached XP level 12. HP: 81/98 MP: 19/19
  9550 | D:13     | Noticed a centaur warrior
  9570 | D:13     | Killed a centaur warrior
  9615 | D:13     | Noticed Kirke
  9624 | D:12     | Reached skill level 8 in Dodging
  9848 | D:10     | Entered Level 10 of the Dungeon
  9848 | D:10     | Noticed Erolcha
 10110 | D:9      | Found a glowing silver altar of Zin.
 10509 | D:10     | Noticed Psyche
 10522 | D:10     | Killed Erolcha
 10543 | D:10     | Killed Psyche
 10772 | Lair:2   | Killed Gastronok
 10772 | Lair:2   | Reached skill level 9 in Dodging
 10914 | Lair:2   | Got an ichor-stained war axe
 11038 | Lair:2   | Identified the +7 war axe of the Stork {drain, +Rage rElec
                  | Int+4} (You found it on level 2 of the Lair of Beasts)
 11502 | Lair:3   | Found a staircase to the Snake Pit.
 11565 | Lair:3   | You fall through a shaft!
 11650 | Lair:4   | Reached skill level 10 in Dodging
 11679 | Lair:4   | Got a steaming amethyst amulet
 11687 | Lair:4   | Reached ***** piety under Makhleb
 11757 | Lair:4   | Reached XP level 13. HP: 107/107 MP: 21/21
 11825 | Lair:3   | Found a staircase to the Swamp.
 12363 | Lair:3   | You fall through a shaft!
 12477 | Lair:4   | Noticed Nergalle
 12493 | Lair:4   | Killed Nergalle
 12610 | Lair:4   | Reached skill level 11 in Dodging
 13564 | Lair:5   | Identified the amulet "Coxuot" {Gourm *Drain rC++} (You
                  | found it on level 4 of the Lair of Beasts)
 13984 | Lair:6   | Entered Level 6 of the Lair of Beasts
 14281 | Lair:5   | Reached skill level 12 in Dodging
 14341 | Lair:5   | Reached XP level 14. HP: 102/117 MP: 23/23
 14563 | Lair:6   | Found a viscous altar of Jiyva.
 14563 | Lair:6   | Found a staircase to the Slime Pits.
 15362 | Lair:6   | Reached ****** piety under Makhleb
 15428 | Lair:6   | Got a coiled silver ring
 15430 | Lair:6   | Identified the ring "Onnoupte" {+Blink rElec MP+9 Str+4}
                  | (You found it on level 6 of the Lair of Beasts)
 15528 | Lair:6   | Reached skill level 1 in Evocations
 16621 | D:10     | Found a large runed translucent door.
 16621 | D:10     | Found a large runed translucent door.
 16711 | D:10     | Found a staircase to the Orcish Mines.
 16983 | D:10     | Noticed Stiffzip's ghost (journeyman MiBe)
 17253 | D:11     | Reached skill level 15 in Polearms
 17369 | D:11     | You fall through a shaft for 3 floors!
 17790 | D:12     | Reached XP level 15. HP: 125/126 MP: 25/25
 17817 | D:12     | Killed Kirke
 18225 | D:13     | Found a gate to the Vaults.
 18406 | D:13     | You fall through a shaft!
 18849 | D:14     | Found a runed translucent door.
 19088 | D:14     | Found the +8 demon trident "Rift" {distort, reach+}
 19958 | D:15     | Entered Level 15 of the Dungeon
 20097 | D:14     | Noticed a tentacled monstrosity
 20102 | D:14     | Killed a tentacled monstrosity
 20102 | D:14     | Reached skill level 15 in Fighting
 20494 | D:15     | Found a staircase to the Depths.
 20499 | D:15     | Reached skill level 5 in Shields
 21519 | D:15     | Found the +8 Wrath of Trog {antimagic, *Rage}
 21712 | Orc:1    | Entered Level 1 of the Orcish Mines
 21820 | Orc:2    | Entered Level 2 of the Orcish Mines
 21823 | Orc:2    | Found a roughly hewn altar of Beogh.
 22363 | Orc:2    | Found a roughly hewn altar of Beogh.
 22384 | Orc:2    | Reached XP level 16. HP: 135/135 MP: 26/26
 22543 | Orc:2    | Found a roughly hewn altar of Beogh.
 22898 | Orc:2    | Found a roughly hewn altar of Beogh.
 22902 | Orc:2    | Found a staircase to the Elven Halls.
 23131 | Orc:2    | Found Nautselo's Antique Weapon Shop.
 23132 | Orc:2    | Found a roughly hewn altar of Beogh.
 23133 | Orc:2    | Found Vulyiphocoekk's Antique Armour Boutique.
 23247 | Orc:2    | Found a roughly hewn altar of Beogh.
 23251 | Orc:2    | Found Vevyag's Food Shop.
 23350 | Orc:2    | Found a roughly hewn altar of Beogh.
 23437 | Orc:2    | Found a roughly hewn altar of Beogh.
 23442 | Orc:2    | Found Bathuw's Weapon Emporium.
 23518 | Orc:2    | Found a roughly hewn altar of Beogh.
 24334 | Snake:1  | Entered Level 1 of the Snake Pit
 24335 | Snake:1  | Upgraded the game from 0.23-a0-860-g8ff03fb to
                  | 0.23-a0-899-gbbae0a3
 24388 | Snake:1  | You fall through a shaft!
 24388 | Snake:2  | Found a shadowy altar of Dithmenos.
 24401 | Snake:2  | Noticed a nagaraja
 24417 | Snake:2  | Killed a nagaraja
 25201 | Snake:1  | Identified Roxanne's Volume of Shape Shifting
 25201 | Snake:1  | Noticed Roxanne
 25532 | Snake:2  | Got a steaming glass ring
 25558 | Snake:2  | Noticed a nagaraja
 25575 | Snake:2  | Banished a nagaraja
 25575 | Snake:2  | Reached skill level 13 in Dodging
 25656 | Snake:2  | Noticed Azrael
 25674 | Snake:2  | Killed Azrael
 26639 | Snake:3  | Found Ruxaih's Armour Emporium.
 26651 | Snake:3  | Noticed a nagaraja
 26667 | Snake:3  | Banished a nagaraja
 26667 | Snake:3  | Reached XP level 17. HP: 143/143 MP: 27/27
 26698 | Snake:3  | Found a runed translucent door.
 27046 | Snake:3  | Reached skill level 10 in Armour
 27302 | Snake:3  | Got an encrusted chain mail
 27319 | Snake:3  | Identified the ring "Emutzafo" {Ice Str+4 Dex+6 Stlth+}
                  | (You found it on level 2 of the Snake Pit)
 27320 | Snake:3  | Identified the +4 chain mail of Hesteuju {-Tele +Fly Int+4}
                  | (You found it on level 3 of the Snake Pit)
 27444 | Snake:4  | Entered Level 4 of the Snake Pit
 27521 | Snake:4  | Reached skill level 14 in Dodging
 27741 | Snake:4  | Reached skill level 15 in Invocations
 27774 | Snake:4  | Gained mutation: You are weak. (Str -2) [a cacodemon]
 27778 | Snake:4  | Gained mutation: You are clumsy. (Dex -2) [a cacodemon]
 27810 | Snake:4  | Reached skill level 10 in Shields
 28006 | Snake:4  | Got a serpentine rune of Zot
 28165 | Snake:4  | Got a polished leather armour
 28482 | Snake:4  | Reached skill level 5 in Evocations
 29075 | Orc:2    | Bought faintly humming gold dragon scales for 2975 gold
                  | pieces
 29088 | Orc:2    | Identified the +4 leather armour "Kesiesk" {*Drain +Blink
                  | MR+++ Slay+2} (You found it on level 4 of the Snake Pit)
 29098 | Orc:2    | Identified the +4 gold dragon scales "Adghamac" {rPois rF+
                  | rC+ Dex+3 Stlth+} (You bought it in a shop on level 2 of
                  | the Orcish Mines)
 29289 | Swamp:1  | Entered Level 1 of the Swamp
 29489 | Swamp:1  | Reached XP level 18. HP: 153/153 MP: 29/29
 30806 | Orc:2    | Bought a pair of glowing gloves for 262 gold pieces
 31064 | Swamp:3  | Reached skill level 15 in Dodging
 31768 | Swamp:4  | Entered Level 4 of the Swamp
 32319 | Swamp:4  | Got a spiked scale mail
 32348 | Swamp:4  | Identified the +3 scale mail "Kihaxe" {+Fly rF+} (You found
                  | it on level 4 of the Swamp)
 32753 | Swamp:4  | Got a decaying rune of Zot
 33049 | Vaults:1 | Entered Level 1 of the Vaults
 33287 | Vaults:1 | You fall through a shaft!
 33438 | Vaults:2 | Found a staircase to the Crypt.
 33513 | Vaults:2 | Found Xenymues's Jewellery Emporium.
 33590 | Vaults:2 | You fall through a shaft for 2 floors!
 33701 | Vaults:4 | Reached XP level 19. HP: 161/161 MP: 31/31
 34263 | Vaults:1 | Reached skill level 16 in Dodging
 35526 | Vaults:1 | Found Toiqos's Food Shoppe.
 35963 | Vaults:2 | Reached XP level 20. HP: 170/170 MP: 32/32
 37159 | Vaults:3 | Reached skill level 17 in Dodging
 38408 | Vaults:4 | Identified a scroll of acquirement
 38728 | Vaults:4 | Reached skill level 10 in Evocations
 38856 | Vaults:4 | Reached XP level 21. HP: 178/178 MP: 33/33
 39849 | Depths:1 | Entered Level 1 of the Depths
 40338 | Depths:1 | Reached skill level 18 in Dodging
 40609 | Depths:1 | Found a one-way gate to the infinite horrors of the Abyss.
 40635 | Depths:1 | You fall through a shaft!
 40716 | Depths:2 | Found a one-way gate leading to the halls of Pandemonium.
 40982 | Depths:2 | Got a bloodstained chain mail
 40997 | Depths:2 | Identified the +5 chain mail of Awe {rC+ Dex+7} (You found
                  | it on level 2 of the Depths)
 41040 | Depths:2 | Got crude shadow dragon scales
 41051 | Depths:2 | Identified the cursed +0 shadow dragon scales "Hiupn"
                  | {rPois Int+4 Stlth++++} (You found it on level 2 of the
                  | Depths)
 41120 | Depths:2 | Found a hide-covered altar of Uskayaw.
 41135 | Depths:2 | Found a bloodstained altar of Trog.
 41136 | Depths:2 | Found a burning altar of Makhleb.
 41136 | Depths:2 | Found a sacrificial altar of Ru.
 41137 | Depths:2 | Noticed Nikola
 41153 | Depths:2 | Killed Nikola
 41302 | Depths:2 | Found a runed translucent door.
 41517 | Depths:2 | Found a burning altar of Makhleb.
 41673 | Depths:2 | Reached XP level 22. HP: 180/188 MP: 35/35
 42017 | Depths:2 | Found a gateway to Hell.
 42442 | Depths:2 | Identified Kiaxzapt's Volume of Earthen Summoning
 42476 | Depths:2 | Found a runed translucent door.
 42476 | Depths:2 | Found a runed translucent door.
 42728 | Depths:2 | Noticed a golden dragon
 42728 | Depths:2 | Paralysed by a floating eye for 3 turns
 42735 | Depths:2 | Noticed a caustic shrike
 43179 | Depths:2 | Reached skill level 19 in Dodging
 43401 | Depths:2 | Killed a golden dragon
 44128 | Depths:2 | Upgraded the game from 0.23-a0-899-gbbae0a3 to
                  | 0.24-a0-7-g1bb0902
 44540 | Depths:3 | Found a runed translucent door.
 44544 | Depths:3 | Noticed Nesh's ghost (veteran DDFi)
 45374 | Depths:3 | Paralysed by a floating eye for 3 turns
 45714 | Depths:3 | Noticed a golden dragon
 45757 | Depths:3 | Killed a golden dragon
 45861 | Depths:3 | Noticed a golden dragon
 45871 | Depths:3 | Reached XP level 23. HP: 189/196 MP: 36/36
 45877 | Depths:3 | Banished a golden dragon
 45910 | Depths:3 | You fall through a shaft for 2 floors!
 45910 | Depths:5 | Entered Level 5 of the Depths
 45945 | Depths:5 | Found a flickering gateway to a bazaar.
 46021 | Depths:4 | Noticed a caustic shrike
 46026 | Depths:4 | Noticed a caustic shrike
 46037 | Depths:4 | Upgraded the game from 0.24-a0-7-g1bb0902 to
                  | 0.24-a0-22-g2a401c0
 46037 | Depths:4 | Upgraded the game from 0.24-a0-22-g2a401c0 to
                  | 0.24-a0-48-g0ecae65
 46044 | Depths:5 | Killed a caustic shrike
 46046 | Depths:5 | Killed a caustic shrike
 46046 | Depths:5 | Reached skill level 15 in Shields
 46063 | Depths:4 | Noticed a caustic shrike
 46114 | Depths:5 | HP: 9/196 [tengu reaver/bolt of poison (6)]
 46469 | Depths:5 | Found a gate to the Realm of Zot.
 46469 | Depths:5 | Noticed a golden dragon
 47323 | Depths:5 | Reached skill level 20 in Dodging
 48016 | Vaults:2 | Bought the ring "Miod" {rCorr rF++ Dex+7 Stlth-} for 982
                  | gold pieces
 48241 | Depths:1 | Found a gateway to a ziggurat.
 48912 | Depths:3 | Identified the Handbook of the Six Seas
 49069 | Depths:3 | Banished a caustic shrike
 49210 | Depths:4 | Noticed a juggernaut
 49210 | Depths:4 | Noticed a juggernaut
 49244 | Depths:3 | Banished a juggernaut
 49292 | Depths:4 | Banished a juggernaut
 49432 | Depths:4 | Noticed a caustic shrike
 49435 | Depths:4 | Noticed a caustic shrike
 49457 | Depths:3 | Banished a caustic shrike
 49457 | Depths:3 | Reached XP level 24. HP: 111/206 MP: 28/36
 49862 | Depths:4 | Noticed a caustic shrike
 50212 | Depths:4 | Found a glowing golden altar of the Shining One.
 50284 | Depths:4 | Banished a caustic shrike
 50457 | Depths:4 | Noticed a caustic shrike
 51852 | Vaults:5 | Entered Level 5 of the Vaults
 51872 | Vaults:5 | Paralysed by a sphinx for 5 turns
 51876 | Vaults:5 | Reached skill level 21 in Dodging
 52038 | Vaults:5 | Noticed Jory
 52365 | Vaults:5 | Identified the +8 falchion "Paekk" {pain, Int+4 Stlth-}
 52413 | Vaults:5 | Upgraded the game from 0.24-a0-48-g0ecae65 to
                  | 0.24-a0-92-g7d8ec57
 52413 | Vaults:5 | Upgraded the game from 0.24-a0-92-g7d8ec57 to
                  | 0.24-a0-106-gcea5463
 52606 | Vaults:5 | Got a silver rune of Zot
 52924 | Vaults:5 | Identified the +7 flail of the Inquisitive Ships {flame,
                  | +Rage Str+4}
 53601 | Depths:5 | Reached XP level 25. HP: 214/214 MP: 37/37
 53609 | Zot:1    | Entered Level 1 of the Realm of Zot
 53848 | Zot:1    | Gained mutation: You are very clumsy. (Dex -4) [mutagenic
                  | glow]
 54454 | Zot:2    | Noticed a Killer Klown
 54454 | Zot:2    | Noticed a Killer Klown
 54454 | Zot:2    | Noticed a Killer Klown
 54481 | Zot:1    | Killed a Killer Klown
 54559 | Zot:1    | Killed a Killer Klown
 54711 | Zot:1    | Killed a Killer Klown
 54943 | Zot:2    | HP: 1/216 [black draconian monk (11)]
 55388 | Zot:1    | Reached skill level 22 in Dodging
 55522 | Zot:2    | Reached skill level 1 in Stealth
 55925 | Zot:4    | Reached XP level 26. HP: 224/224 MP: 37/37
 55966 | Zot:5    | Entered Level 5 of the Realm of Zot
 56032 | Zot:5    | Reached skill level 5 in Stealth
 56628 | Zot:5    | Noticed an ancient lich
 56635 | Zot:5    | Upgraded the game from 0.24-a0-106-gcea5463 to
                  | 0.24-a0-108-g011bc4b
 56678 | Zot:5    | Killed an ancient lich
 56722 | Zot:5    | Noticed an ancient lich
 56793 | Zot:5    | Killed an ancient lich
 57060 | Zot:5    | Noticed an orb of fire
 57063 | Zot:5    | Noticed a Killer Klown
 57064 | Zot:5    | Noticed a Killer Klown
 57066 | Zot:5    | Noticed an ancient lich
 57067 | Zot:5    | Noticed an orb of fire
 57069 | Zot:5    | Gained mutation: You are frail. (-10% HP) [an orb of fire]
 57074 | Zot:5    | Gained mutation: You are dopey. (Int -2) [an orb of fire]
 57332 | Zot:4    | Killed a Killer Klown
 57481 | Zot:5    | Gained mutation: You tend to lose your temper in combat.
                  | [an orb of fire]
 57487 | Zot:5    | Gained mutation: You are very dopey. (Int -4) [an orb of
                  | fire]
 57504 | Zot:5    | Gained mutation: You often lose your temper in combat. [an
                  | orb of fire]
 57526 | Zot:5    | Noticed an ancient lich
 57542 | Zot:5    | Killed an orb of fire
 57552 | Zot:5    | Killed an ancient lich
 57586 | Zot:5    | Gained mutation: You passively map a small area around you.
                  | [an orb of fire]
 57586 | Zot:5    | Gained mutation: Your body sometimes deteriorates upon
                  | taking damage. [an orb of fire]
 57619 | Zot:5    | Gained mutation: You have an uncontrollable temper. [an orb
                  | of fire]
 58108 | Zot:5    | Gained mutation: You are very frail. (-20% HP) [an orb of
                  | fire]
 58125 | Zot:5    | Killed an orb of fire
 58365 | Zot:5    | Reached XP level 27. HP: 159/186 MP: 36/37
 58393 | Zot:5    | Reached skill level 23 in Dodging
 58421 | Zot:5    | Noticed an orb of fire
 58422 | Zot:5    | Noticed an ancient lich
 58430 | Zot:5    | Noticed an ancient lich
 58438 | Zot:5    | Noticed an ancient lich
 58440 | Zot:5    | Killed an orb of fire
 58443 | Zot:5    | Noticed an ancient lich
 58444 | Zot:5    | Killed an ancient lich
 58448 | Zot:5    | Noticed an ancient lich
 58464 | Zot:5    | HP: 6/186 [electric golem (10)]
 58466 | Zot:5    | Killed from afar by an electric golem

Levels and vault maps discovered:
D:1:      ldierk_water_garden, minmay_misc_feat_iff, hangedman_decor_peaks_small
D:2:      first_ration
D:3:      lemuel_coloured_pillars_altar, old_standard_altar, lemuel_doored_altar
D:4:      cheibrodos_old_hovel, kiku_gazebo_garden_becter, marbit_many_paths,
          serial_shops, nicolae_shop_behind_doors
D:5:      okawaru_gym_becter, ebering_ghost_rock_garden, serial_curves,
          eino_curves_03, eino_curves_03, grunt_decor_cap
D:6:      wander_river, old_standard_altar, kennysheep_mini,
          gammafunk_ghost_necromancy
D:7:      lemuel_crystal_altar, overflow_temple_1_default,
          lemuel_temple_firewalk_b, uniq_duvessa
D:8:      kennysheep_little_box, nicolae_dithmenos_shadow_blocks,
          due_lair_maze_entry_diamond, hangedman_little_slice_of_home,
          uniq_maurice, uniq_harold
D:9:      lemuel_crystal_altar
D:10:     kennysheep_orc_monster_closet_entryway, ebering_ghost_disaster_area,
          abandoned_shop, uniq_erolcha, uniq_psyche
D:12:     serial_undead, serial_undead_c, serial_undead_f, serial_undead_b,
          serial_undead_f, serial_undead_c, serial_undead_f, enter_trove_6,
          nicolae_qazlal_style_of_elements
D:13:     minmay_angry_zag, skrybe_vaults_entry_preservation,
          grunt_ministairs_14, uniq_kirke
D:14:     cheibrodos_body_horror
D:15:     gammafunk_depths_entry_grave, hangedman_decor_push, minivault_15,
          chequers_mini_garden, minmay_guarded_unrand_wrath_of_trog
Lair:1:   minmay_lair_venomous_thicket, minmay_stone_trees_medium
Lair:2:   uniq_gastronok
Lair:3:   swamp_mist, grunt_megastairs_5, minmay_lair_oklob_chamber
Lair:4:   uniq_nergalle
Lair:5:   chequers_serial_rivers_room_b, lemuel_fruit_tree, lemuel_fruit_fields
Lair:6:   hangedman_lair_caniforms_friends, slime_altar_1, grunt_megastairs_2
Swamp:1:  evilmike_swamp_ruin_rubble_1
Swamp:2:  nicolae_swamp_round_clearing
Swamp:3:  hangedman_swamp_ruin_wall, infiniplex_staircase_pool
Swamp:4:  swamp_icy
Snake:1:  uniq_roxanne
Snake:2:  serial_bayou, serial_bayou_shore_a, serial_bayou_pond_d,
          serial_bayou_ford_a, serial_bayou_lake_a, basic_altar, uniq_azrael
Snake:3:  cheibrodos_toxic_ritual, serial_shops, shop,
          nrook_guardian_serpent_double, grunt_megastairs_3
Snake:4:  minmay_snake_end_coiled
Orc:2:    grunt_orc_community_town_hall, grunt_orc_community_big_house_2,
          grunt_orc_community_big_house_2, grunt_orc_community_house_2,
          grunt_orc_community_house_1, grunt_orc_community_house_2,
          grunt_orc_community_house_1, grunt_orc_community_house_1,
          grunt_orc_community_house_1, basic_altar
Vaults:1: vaults_room_fours, v_misc_1, v_pattern_5,
          vaults_room_grunt_arrival_ludios, dpeg_vaults_monster_box,
          vaults_dpeg_hooks, v_misc_12, grunt_vaults_hallway_long, serial_shops,
          nicolae_shop_stone
Vaults:2: v_rooms_5, dpeg_vaults_monster_row, minmay_crypt_entry_simple_walls,
          hangedman_vaults_cutoff, v_alt_pattern_3, ontoclasm_vaults_ligature,
          nicolae_vaults_little_ls, vaults_dpeg_cross,
          ontoclasm_vaults_shuriken, nicolae_vaults_network_star,
          nicolae_vaults_network_s, ontoclasm_vaults_chip,
          vaults_dpeg_encased_lava, vaults_dpeg_diagonal, serial_shops,
          nicolae_shop_trees
Vaults:3: ontoclasm_vaults_decontamination, hangedman_vaults_trim,
          ontoclasm_vaults_bender, vaults_standard_mumra_x,
          vaults_room_grunt_arrival_checkpoint, v_misc_22,
          nicolae_vaults_little_squares_5
Vaults:4: v_misc_1, v_rooms_3, nicolae_vaults_quadrants, ontoclasm_vaults_pinch,
          ontoclasm_vaults_twist, v_misc_19, hangedman_vaults_pinch,
          vaults_room_hallway, v_misc_28, vaults_dpeg_spiral, v_misc_13,
          nicolae_vaults_asterisk, vaults_room_semicircle,
          hangedman_vaults_cutoff
Vaults:5: uniq_jory
Depths:1: enter_ziggurat_f, grunt_hell_entry_dis_mu, minmay_room_of_horrors,
          minmay_misc_feat_tower, minmay_librarian
Depths:2: minmay_the_grid_ultimate, abyss_entry, hell_entry, pan_entry,
          uniq_nikola
Depths:3: evilmike_diamond_2, hell_entry, gammafunk_ghost_grave,
          grunt_pan_entry_spiral, kennysheep_decorative_pillar
Depths:4: grunt_x_marks_the_spot, abyss_entry, tso_metal_star,
          hangedman_coc_ice_floe
Depths:5: grunt_zot_entry_bicorn, minmay_misc_feat_hallway, serial_shops,
          bzr_in_the_mist, pf_vacation_house_of_asmodeus
Zot:1:    infiniplex_zot_generator, layout_misc_corridors
Zot:2:    ebering_greatest_show_in_zot, layout_onion_interference
Zot:3:    layout_gridlike, hangedman_zot_decor_tridents, lemuel_elevator
Zot:4:    layout_misc_corridors, hangedman_zot_diagonal_lockstep,
          bh_zot_ikea_curve, st_large_dragon_hoard_3
Zot:5:    layout_twisted_circle

Skill      XL: |  1  2  3  4  5  6  7  8  9 10 11 12 13 14 15 16 17 18 19 20 21 22 23 24 25 26 27 |
---------------+----------------------------------------------------------------------------------+-----
Dodging        | 1 2 4 7 10 12 13 14 15 16 17 18 19 20 21 22 23 | 23.1
Polearms       | 4 5 6 7 9 11 13 14 15 17 | 17.2
Fighting       | 4 5 6 8 9 10 12 13 14 15 16 17 18 19 20 21 22 | 22.5
Invocations    | 1 2 3 5 7 8 10 11 12 13 14 15 16 17 18 19 20 21 | 21.4
Armour         | 3 5 6 7 9 10 11 12 13 14 | 14.8
Evocations     | 3 4 5 7 8 10 11 12 13 | 13.3
Shields        | 7 9 10 11 12 13 14 15 16 17 18 | 18.1
Stealth        | 3 6 |  6.4

Action                   |  1- 3 |  4- 6 |  7- 9 | 10-12 | 13-15 | 16-18 | 19-21 | 22-24 | 25-27 || total
-------------------------+-------+-------+-------+-------+-------+-------+-------+-------+-------++-------
Melee: Trident           |   110 |   174 |   482 |   916 |  1261 |       |       |       |       ||  2943
       Tailslap          |       |       |     4 |     3 |       |    20 |       |     2 |       ||    29
       Glaive            |       |       |       |       |   302 |       |       |       |       ||   302
       Demon trident     |       |       |       |       |   317 |  1714 |  1834 |  1937 |  1595 ||  7397
       Unarmed           |       |       |       |       |       |       |       |       |    10 ||    10
Invok: Lesser Servant of |       |       |       |    13 |    10 |     2 |       |       |       ||    25
       Minor Destruction |       |       |       |     2 |       |    21 |       |     4 |       ||    27
       Major Destruction |       |       |       |     2 |       |       |       |    13 |       ||    15
       Greater Servant o |       |       |       |       |     3 |     3 |     1 |    15 |       ||    22
 Abil: Evoke Blink       |       |       |       |       |     2 |       |       |     2 |       ||     4
       Evoke Invisibilit |       |       |       |       |       |       |       |       |     1 ||     1
Evoke: Wand              |       |       |       |       |       |     3 |       |     1 |     2 ||     6
  Use: Scroll            |       |    14 |     4 |    10 |    11 |     9 |     9 |    14 |    21 ||    92
       Potion            |       |       |       |       |       |     2 |       |    13 |     5 ||    20
 Stab: Distracted        |       |       |       |     3 |     6 |     3 |       |    12 |       ||    24
       Invisible         |       |       |       |       |       |       |       |       |     5 ||     5
       Confused          |       |       |       |       |       |       |       |       |     2 ||     2
  Eat: Chunk             |       |     7 |    11 |    14 |    29 |    16 |    25 |    14 |    10 ||   126
       Ration            |       |       |     2 |     1 |     2 |     6 |     1 |     8 |     2 ||    22
Armor: Scale mail        |    39 |    51 |   127 |   205 |   453 |   123 |       |       |       ||   998
       Chain mail        |       |       |    49 |       |       |       |       |       |       ||    49
       Gold dragon scale |       |       |       |       |       |   102 |   376 |   532 |   551 ||  1561
       Skin              |       |       |       |       |       |       |       |     3 |       ||     3
Dodge: Dodged            |    48 |    49 |   160 |   332 |  1027 |   337 |   303 |   436 |   566 ||  3258
       Deflected         |       |       |     8 |    18 |    14 |    42 |    48 |    61 |    36 ||   227
Block: Shield            |     1 |       |       |       |       |   218 |       |       |       ||   219
       Other             |       |     6 |    34 |    40 |   132 |       |       |       |       ||   212
       Reflection        |       |       |     2 |       |     8 |       |       |       |       ||    10
       Buckler           |       |       |       |       |    53 |    32 |       |       |       ||    85
       Large shield      |       |       |       |       |       |   253 |   916 |  1172 |  1540 ||  3881

Table legend:
 A = Non-vault XP
 B = Vault XP
 C = Vault XP percentage of total XP
 D = Non-vault monster count
 E = Vault monster count
 F = Vault count percentage of total count
                 A         B        C        D         E       F
            +---------+---------+-------+---------+---------+-------
      Total |  666105 |  628423 |  48.5 |    1394 |     782 |  35.9
            +---------+---------+-------+---------+---------+-------
        D:1 |      57 |       0 |   0.0 |      28 |       0 |   0.0
        D:2 |      56 |       0 |   0.0 |      13 |       0 |   0.0
        D:3 |      44 |       0 |   0.0 |      14 |       0 |   0.0
        D:4 |     586 |      34 |   5.5 |      30 |       2 |   6.2
        D:5 |     793 |       0 |   0.0 |      22 |       0 |   0.0
        D:6 |    1244 |       0 |   0.0 |      18 |       0 |   0.0
        D:7 |    1023 |     211 |  17.1 |      14 |       2 |  12.5
        D:8 |     893 |    2505 |  73.7 |      24 |      20 |  45.5
        D:9 |    1958 |       0 |   0.0 |      17 |       0 |   0.0
       D:10 |    3299 |    2774 |  45.7 |      26 |      22 |  45.8
       D:11 |    5676 |       0 |   0.0 |      38 |       0 |   0.0
       D:12 |    6188 |    3420 |  35.6 |      34 |      15 |  30.6
       D:13 |    6158 |    5003 |  44.8 |      38 |      15 |  28.3
       D:14 |    7931 |    7628 |  49.0 |      25 |      14 |  35.9
       D:15 |   20723 |   12454 |  37.5 |      41 |      23 |  35.9
     Lair:1 |    1409 |    1600 |  53.2 |      12 |      16 |  57.1
     Lair:2 |    3951 |    1981 |  33.4 |      19 |       1 |   5.0
     Lair:3 |    5080 |     431 |   7.8 |      14 |       4 |  22.2
     Lair:4 |    7691 |     542 |   6.6 |      25 |       1 |   3.8
     Lair:5 |   11344 |     107 |   0.9 |      36 |       1 |   2.7
     Lair:6 |   12685 |   10203 |  44.6 |      42 |      57 |  57.6
    Swamp:1 |    8485 |       0 |   0.0 |      21 |       0 |   0.0
    Swamp:2 |   10258 |       0 |   0.0 |      32 |       0 |   0.0
    Swamp:3 |   21944 |       0 |   0.0 |      48 |       0 |   0.0
    Swamp:4 |   10466 |    5734 |  35.4 |      38 |      28 |  42.4
    Snake:1 |    9902 |       0 |   0.0 |      20 |       0 |   0.0
    Snake:2 |   23345 |    2047 |   8.1 |      46 |       5 |   9.8
    Snake:3 |   16302 |    7826 |  32.4 |      28 |      18 |  39.1
    Snake:4 |   21590 |   16259 |  43.0 |      34 |      38 |  52.8
      Orc:1 |    4016 |     487 |  10.8 |      43 |       1 |   2.3
      Orc:2 |    4232 |    6681 |  61.2 |      27 |      73 |  73.0
   Vaults:1 |   46314 |   25655 |  35.6 |      76 |      38 |  33.3
   Vaults:2 |   27266 |   22173 |  44.8 |      70 |      40 |  36.4
   Vaults:3 |   33051 |    6390 |  16.2 |      53 |       7 |  11.7
   Vaults:4 |   38027 |   31365 |  45.2 |      64 |      26 |  28.9
   Vaults:5 |   11107 |   58271 |  84.0 |      15 |      52 |  77.6
   Depths:1 |   14554 |    4315 |  22.9 |      19 |       9 |  32.1
   Depths:2 |       0 |  108512 | 100.0 |       0 |     109 | 100.0
   Depths:3 |   35741 |   48398 |  57.5 |      43 |      41 |  48.8
   Depths:4 |   23816 |   36030 |  60.2 |      29 |      27 |  48.2
   Depths:5 |   50793 |   29962 |  37.1 |      62 |      19 |  23.5
      Zot:1 |   46670 |   26836 |  36.5 |      25 |      13 |  34.2
      Zot:2 |   45348 |   13106 |  22.4 |      26 |      12 |  31.6
      Zot:3 |    1208 |    1965 |  61.9 |       1 |       1 |  50.0
      Zot:4 |   10015 |    5478 |  35.4 |       4 |       1 |  20.0
      Zot:5 |   52866 |  122040 |  69.8 |      40 |      31 |  43.7
            +---------+---------+-------+---------+---------+-------
